 Dungeon Crawl Stone Soup version 0.29-a0-2-g12fcac58f8 (webtiles) character file.

Game seed: 18191933468045867442

55 fragbeetle the Magician (level 3, 0/26 HPs)
             Began as a Gnoll Hedge Wizard on Jan 26, 2022.
             Slain by a scorpion (8 damage)
             ... on level 3 of the Dungeon.
             The game lasted 00:02:31 (1415 turns).

fragbeetle the Magician (Gnoll Hedge Wizard)        Turns: 1415, Time: 00:02:33

Health: 0/26       AC:  2    Str:  9    XL:     3   Next: 93%
Magic:  4/11       EV: 13    Int: 15    God:
Gold:   85         SH:  0    Dex: 11    Spells: 10/16 levels left

rFire   . . .      SeeInvis .   a - +0 dagger
rCold   . . .      Faith    .   (no shield)
rNeg    . . .      Spirit   .   b - +0 robe
rPois   .          Reflect  .   c - +0 hat
rElec   .          Harm     .   (no cloak)
rCorr   .          Rampage  .   (no gloves)
Will    .....                   (no boots)
Stlth   ++........              (no amulet)
HPRegen 0.08/turn               (no ring)
MPRegen 0.12/turn               (no ring)

@: no status effects
A: fangs 1, strong nose, distributed training
a: no special abilities


You were on level 3 of the Dungeon.
You visited 1 branch of the dungeon, and saw 3 of its levels.

You collected 85 gold pieces.

Inventory:

Hand Weapons
 a - a +0 dagger (weapon)
Missiles
 g - 23 stones
Armour
 b - a +0 robe (worn)
 c - a +0 hat (worn)
Jewellery
 f - a ring of ice
Potions
 e - a potion of brilliance


   Skills:
 + Level 1.0 Fighting
 + Level 1.0 Short Blades
 + Level 1.0 Long Blades
 + Level 1.0 Axes
 + Level 1.0 Maces & Flails
 + Level 1.0 Polearms
 + Level 1.0 Staves
 + Level 1.0 Slings
 + Level 1.0 Bows
 + Level 1.0 Crossbows
 + Level 1.0 Throwing
 + Level 1.0 Armour
 + Level 4.6 Dodging
 + Level 4.2 Stealth
 + Level 1.0 Shields
 + Level 1.0 Unarmed Combat
 + Level 7.1 Spellcasting
 + Level 2.1 Conjurations
 + Level 0.7 Hexes
 + Level 2.1 Summonings
 + Level 0.7 Necromancy
 + Level 2.1 Translocations
 + Level 0.7 Transmutations
 + Level 0.7 Fire Magic
 + Level 0.7 Ice Magic
 + Level 0.7 Air Magic
 + Level 0.7 Earth Magic
 + Level 0.7 Poison Magic
 + Level 1.0 Invocations
 + Level 1.0 Evocations


You had 10 spell levels left.
You knew the following spells:

 Your Spells              Type           Power      Damage    Failure   Level
a - Magic Dart            Conj           44%        1d5       5%          1
b - Call Imp              Summ           11%        N/A       9%          2
c - Mephitic Cloud        Conj/Pois/Air  8%         N/A       24%         3

Your spell library contained the following spells:

 Spells                   Type           Power      Damage    Failure   Level
 Blink                    Tloc           22%        N/A       9%          2
 Pain                     Necr           28%        1d5       10%         1
 Slow                     Hex            28%        N/A       10%         1
 Conjure Flame            Conj/Fire      9%         6-21      22%         3
 Agony                    Necr           7%         N/A       95%         5
 Excruciating Wounds      Necr           3%         N/A       95%         5


Dungeon Overview and Level Annotations

Branches:
Dungeon (3/15)

Altars:
Elyvilon
Qazlal
Trog

Annotations:
D:2 firecloud


Innate Abilities, Weirdness & Mutations

You have very sharp teeth.
Your uncanny sense of smell can sniff out nearby items.
Your experience applies equally to all skills.


Message History

Your white imp dies!
Your white imp disappears in a puff of smoke!
As you read the scroll labelled MOISAS JEGOIH, it crumbles to dust.
It is a scroll of identify.
e - a potion of brilliance Unknown command.
Casting: Call Imp (safe; 9% risk of failure)
Confirm with . or Enter, or press ? or * to list all spells.
Okay, then.
Unknown command.
The magic dart hits the scorpion.
The scorpion is lightly wounded.
The scorpion stings you.
The magic dart hits the scorpion but does no damage.
The scorpion is lightly wounded.
The scorpion barely misses you.
The magic dart hits the scorpion but does no damage.
The scorpion is lightly wounded.
The scorpion closely misses you. The scorpion barely misses you.
The magic dart hits the scorpion.
The scorpion is lightly wounded.
The scorpion stings you.
The magic dart hits the scorpion but does no damage.
The scorpion is lightly wounded.
The scorpion stings you!
You are too injured to fight recklessly!
You are too injured to fight recklessly!
You are too injured to fight recklessly!
You are too injured to fight recklessly!
You are too injured to fight recklessly!
You are too injured to fight recklessly!
Casting: Magic Dart (safe; 5% risk of failure)
Confirm with . or Enter, or press ? or * to list all spells.
Aiming: Magic Dart (safe; 5% risk of failure)
Press: ? - help, Shift-Dir - straight line, f/p - scorpion
Aim: a scorpion (lightly wounded, 100% to hit)
The magic dart hits the scorpion.
The scorpion is moderately wounded.
The scorpion stings you!
You die...

######### #.......#
#.......#
#..#....#######
##s###.........#
#@##_#########.#
###...# ####.#.###
####'####.##.#.)†.
##.#...#.##...####.
#_.'.8.'......####.
##.#...#.#####.....
####'####>........
#...# #..(......
##_## #####.....


You could see a scorpion.

Vanquished Creatures
  2 adders (D:3)
  A gnoll (D:1)
  A dart slug (D:1)
  An orc (D:3)
  3 endoplasms (D:1)
  4 giant cockroaches (D:1)
  2 hobgoblins
  A quokka (D:1)
  2 ball pythons (D:1)
  2 bats
  3 frilled lizards
  A kobold (D:1)
  A rat (D:1)
24 creatures vanquished.

Notes
Turn   | Place    | Note
-------+----------+-------------------------------------------
     0 | D:1      | fragbeetle the Gnoll Hedge Wizard began the quest for the
                  | Orb.
     0 | D:1      | Reached XP level 1. HP: 13/13 MP: 8/8
   321 | D:1      | Reached XP level 2. HP: 19/19 MP: 7/10
   327 | D:1      | Learned a level 2 spell: Call Imp
   660 | D:1      | Found a faded altar of an unknown god.
   918 | D:1      | Reached XP level 3. HP: 21/25 MP: 2/11
  1038 | D:1      | Learned a level 3 spell: Mephitic Cloud
  1161 | D:2      | You fall into a shaft and drop 1 floor!
  1256 | D:3      | Found a bloodstained altar of Trog.
  1260 | D:3      | Found a stormy altar of Qazlal.
  1265 | D:3      | Found a white marble altar of Elyvilon.
  1299 | D:3      | Reached skill level 1 in Invocations
  1302 | D:3      | Reached skill level 1 in Fighting
  1302 | D:3      | Reached skill level 1 in Short Blades
  1302 | D:3      | Reached skill level 1 in Long Blades
  1302 | D:3      | Reached skill level 1 in Axes
  1302 | D:3      | Reached skill level 1 in Maces & Flails
  1302 | D:3      | Reached skill level 1 in Polearms
  1302 | D:3      | Reached skill level 1 in Staves
  1302 | D:3      | Reached skill level 1 in Slings
  1302 | D:3      | Reached skill level 1 in Bows
  1302 | D:3      | Reached skill level 1 in Crossbows
  1302 | D:3      | Reached skill level 1 in Throwing
  1302 | D:3      | Reached skill level 1 in Armour
  1302 | D:3      | Reached skill level 1 in Shields
  1302 | D:3      | Reached skill level 1 in Unarmed Combat
  1302 | D:3      | Reached skill level 1 in Evocations
  1348 | D:3      | Noticed a scorpion
  1415 | D:3      | Slain by a scorpion

Illustrated notes

Levels and vault maps discovered:
D:1:      sevenhm_arrival_forest_fort_small_3, layout_loops_ring,
          hellmonk_ecumenical_altar_arch_garden
D:2:      layout_loops_ring, uniq_sigmund
D:3:      kennysheep_the_goblin_king, layout_basic,
          grunt_temple_overflow_diamond, serial_park_tiny_1, lemuel_flame_loot_1

Skill      XL: |  1  2  3 |
---------------+----------+-----
Conjurations   | 2 |  2.1
Summonings     | 2 |  2.1
Translocations | 2 |  2.1
Invocations    | 1 |  1.0
Fighting       | 1 |  1.0
Short Blades   | 1 |  1.0
Long Blades    | 1 |  1.0
Axes           | 1 |  1.0
Maces & Flails | 1 |  1.0
Polearms       | 1 |  1.0
Staves         | 1 |  1.0
Slings         | 1 |  1.0
Bows           | 1 |  1.0
Crossbows      | 1 |  1.0
Throwing       | 1 |  1.0
Armour         | 1 |  1.0
Shields        | 1 |  1.0
Unarmed Combat | 1 |  1.0
Evocations     | 1 |  1.0
Dodging        | |  4.6
Stealth        | |  4.2
Spellcasting   | |  7.1
Hexes          | |  0.7
Necromancy     | |  0.7
Transmutations | |  0.7
Fire Magic     | |  0.7
Ice Magic      | |  0.7
Air Magic      | |  0.7
Earth Magic    | |  0.7
Poison Magic   | |  0.7

Action                   || total
-------------------------++-------
 Cast: Magic Dart        ||    77
       Call Imp          ||     2
  Use: Scroll            ||     2
Armor: Robe              ||     1
Dodge: Dodged            ||    13

Table legend: (Time is in decaauts)
 A = Elapsed time spent in this place.
 B = Non-inter-level travel time spent in this place.
 C = Inter-level travel time spent in this place.
 D = Time resting spent in this place.
 E = Time spent auto-exploring this place.
 F = Levels seen in this place.
 G = Mean time per level.
                   A        B        C        D        E       F      G
               +--------+--------+--------+--------+--------+-----+--------+
         Total |   1414 |   1397 |     17 |      0 |   1223 |   3 |  471.3 |
       Dungeon |   1414 |   1397 |     17 |      0 |   1223 |   3 |  471.3 |
               +--------+--------+--------+--------+--------+-----+--------+

Top non-repeatable levels by time:
     D:1: 1161 daAuts
     D:3: 253 daAuts
